 Dungeon Crawl Stone Soup version 0.31-a0-219-g8d62b2e7bb (webtiles) character file.

Game seed: 16863445497383335881

510 Zonian the Magician (level 6, -3/32 HPs)
             Began as a Deep Elf Air Elementalist on July 4, 2023.
             Was an Elder of Jiyva.
             Slain by a water moccasin (5 damage)
             ... on level 4 of the Dungeon.
             The game lasted 00:09:54 (3820 turns).

Zonian the Magician (Deep Elf Air Elementalist)     Turns: 3820, Time: 00:09:56

Health: -3/32      AC:  2    Str: 12    XL:     6   Next: 98%
Magic:  15/17      EV: 12    Int: 24    God:    Jiyva [****..]
Gold:   198        SH:  0    Dex: 12    Spells: 7/17 levels left

rFire   . . .        f - +0 dagger (venom)
rCold   . . .        (no shield)
rNeg    . . .        a - +0 robe
rPois   .            (no helmet)
rElec   .            (no cloak)
rCorr   +            (no gloves)
SInv    .            (no boots)
Will    .....        (no amulet)
Stlth   ++           (no ring)
HPRegen 1.53/turn    (no ring)
MPRegen 0.55/turn

%: no passive effects
@: very slightly contaminated
A: clever 1, strong 2, tendrils
a: Renounce Religion, Oozemancy, Slimify


You were on level 4 of the Dungeon.
You worshipped Jiyva.
Jiyva was greatly pleased with you.
You visited 1 branch of the dungeon, and saw 5 of its levels.
You also visited: Sewer.

You collected 254 gold pieces.
You spent 56 gold pieces at shops.

Inventory:

Hand Weapons
 d - a +0 short sword of chaos
 f - a +0 dagger of venom (weapon)
Missiles
 e - 2 boomerangs
 p - 6 poisoned darts
Armour
 a - a +0 robe (worn)
 q - a +0 pair of gloves
Wands
 n - a wand of quicksilver (5)
Scrolls
 h - a scroll of revelation {unknown}
 i - a scroll of fog
 k - a scroll of acquirement {unknown}
Potions
 b - a potion of magic
 c - 3 potions of lignification {unknown}
 g - a potion of enlightenment {unknown}
 j - a potion of berserk rage {unknown}
 l - a potion of heal wounds {unknown}
 m - a potion of ambrosia {unknown}
 o - a potion of curing {unknown}
 r - a potion of mutation {unknown}


   Skills:
 - Level 2.6 Dodging
 - Level 2.6 Stealth
 + Level 6.2 Spellcasting
 + Level 4.5 Conjurations
 + Level 5.1 Air Magic


You had 7 spell levels left.
You knew the following spells:

 Your Spells              Type           Power      Damage    Failure   Level
a - Shock                 Conj/Air       100%       1d9       1%          1
b - Static Discharge      Conj/Air       60%        2-5/arc   1%          2
c - Swiftness             Air            32%        N/A       2%          3
d - Airstrike             Air            16%        2d(3-19)  10%         4

Your spell library contained the following spells:

 Spells                   Type           Power      Damage    Failure   Level
 Apportation              Tloc           14%        N/A       8%          1
 Alistair's Intoxication  Tmut/Pois      4%         N/A       91%         5


Dungeon Overview and Level Annotations

Branches:
Dungeon (5/15)             Temple (0/1) D:4           Sewer (visited)

Altars:
Fedhas
Qazlal
Ru
Vehumet
Jiyva

Shops:
D:3 *


Innate Abilities, Weirdness & Mutations

Your mind is acute. (Int +4, Str/Dex -1)
Your muscles are very strong. (Str +8, Int/Dex -2)
You are covered in slimy tendrils that may disarm your opponents.


Message History

The water moccasin is struck by an arc of lightning.
The water moccasin is moderately wounded.
You are struck by an arc of lightning.
The water moccasin is struck by an arc of lightning.
The water moccasin is heavily wounded.
The lightning grounds out.
You feel sick. The water moccasin bites you! The water moccasin bites you.
* * * LOW HITPOINT WARNING * * *
Unknown command.
Casting: Static Discharge (safe; 1% risk of failure)
Confirm with . or Enter, or press ? or * to list all spells.
You miscast Static Discharge.
You are very lightly contaminated with residual magic.
Nothing appears to happen.
You feel sick.
The water moccasin bites you but does no damage.
Unknown command.
You feel sick. The water moccasin bites you!
* * * LOW HITPOINT WARNING * * *
The water moccasin closely misses you.
You climb upwards.
* * * LOW HITPOINT WARNING * * *
You feel sick.
There is a stone staircase leading down here.
Okay, then.
Casting: Static Discharge (safe; 1% risk of failure)
Confirm with . or Enter, or press ? or * to list all spells.
Okay, then.
Aiming: Quicksilver Bolt
Press: ? - help, Shift-Dir - straight line, f - water moccasin
Aim: a water moccasin (heavily wounded, 53% to hit)
The bolt of dispelling energy misses the water moccasin.
You feel sick. The water moccasin barely misses you.
Aiming: Quicksilver Bolt
Press: ? - help, Shift-Dir - straight line, f/p - water moccasin
Aim: a water moccasin (heavily wounded, 53% to hit)
The bolt of dispelling energy misses the water moccasin.
You feel sick.
You are no longer poisoned.
The water moccasin bites you.
You die...

#.### ####..# #..#
#....## ##.# #.####
## #.# ##.# ###.
#.#####..####...
#.......#.....##
#########....####..
#.........##......#
#.@.......#..######
#S..........##
#.........###
#.........#
#.........#
###########


You could see a water moccasin.

Vanquished Creatures
  3 wights (D:4)
  2 orc priests (D:3)
  A gnoll bouda (D:4)
  Terence (D:2)
  An iguana (D:4)
  2 orc wizards (D:4)
  3 gnolls (D:4)
  6 adders
  5 river rats (D:3)
  An ufetubus (D:5)
  4 worms
  2 dart slugs (D:2)
  7 orcs
  3 ball pythons
  An endoplasm (D:1)
  2 giant cockroaches
  7 goblins
  7 hobgoblins
  9 kobolds
  2 quokkas
  3 bats
  5 frilled lizards
  7 rats
84 creatures vanquished.

Vanquished Creatures (others)
  Pargi (Sewer)
  A wight (D:4)
  A hound (D:4)
  4 jellies
  An adder (D:4)
  A dart slug (D:1)
  A giant cockroach (Sewer)
  A goblin (D:1)
  A kobold (D:4)
  A bat (Sewer)
13 creatures vanquished.

Grand Total: 97 creatures vanquished

Notes
Turn   | Place    | Note
-------+----------+-------------------------------------------
     0 | D:1      | Zonian the Deep Elf Air Elementalist began the quest for
                  | the Orb.
     0 | D:1      | Reached XP level 1. HP: 10/10 MP: 6/6
   327 | D:1      | Reached XP level 2. HP: 15/15 MP: 5/8
   510 | D:1      | Found a faded altar of an unknown god.
   553 | D:1      | Prayed at the altar of an unknown god.
   553 | D:1      | Became a worshipper of Jiyva Juffe the Shapeless
   553 | D:1      | Reached * piety under Jiyva
   908 | D:2      | Reached ** piety under Jiyva
   912 | D:2      | Noticed Terence
   921 | D:2      | Learned a level 2 spell: Static Discharge
  1091 | D:2      | Reached XP level 3. HP: 11/19 MP: 1/10
  1308 | D:2      | Reached *** piety under Jiyva
  1506 | D:2      | Reached skill level 4 in Spellcasting
  1716 | D:2      | Killed Terence
  1819 | D:3      | Found Vuari's Assorted Antiques.
  1833 | D:3      | Reached XP level 4. HP: 24/24 MP: 7/12
  1844 | D:3      | Found a stormy altar of Qazlal.
  1846 | D:3      | Gained mutation: Your muscles are strong. (Str +4, Int/Dex
                  | -1) [Jiyva's grace]
  1846 | D:3      | Gained mutation: Your muscles are very strong. (Str +8,
                  | Int/Dex -2) [Jiyva's grace]
  1846 | D:3      | Gained mutation: You are covered in slimy tendrils that may
                  | disarm your opponents. [Jiyva's grace]
  1846 | D:3      | Gained mutation: Your mind is acute. (Int +4, Str/Dex -1)
                  | [Jiyva's grace]
  1875 | D:3      | Bought a scroll labelled DEKHAL OHADA for 20 gold pieces
  1875 | D:3      | Bought a lumpy grey potion for 18 gold pieces
  1875 | D:3      | Bought a red potion for 18 gold pieces
  2069 | D:3      | Reached XP level 5. HP: 5/28 MP: 10/14
  2127 | D:3      | Reached skill level 5 in Spellcasting
  2164 | D:3      | Found a glowing drain.
  2172 | Sewer    | Entered a sewer
  2253 | Sewer    | Killed Pargi
  2469 | D:3      | Reached **** piety under Jiyva
  2745 | D:4      | Found a blossoming altar of Fedhas.
  2810 | D:4      | Reached XP level 6. HP: 28/32 MP: 9/16
  2849 | D:4      | Found a staircase to the Ecumenical Temple.
  3052 | D:3      | Learned a level 3 spell: Swiftness
  3057 | D:3      | Learned a level 4 spell: Airstrike
  3327 | D:4      | Reached skill level 6 in Spellcasting
  3338 | D:4      | Reached skill level 5 in Air Magic
  3569 | D:5      | Entered Level 5 of the Dungeon
  3603 | D:5      | Found a radiant altar of Vehumet.
  3629 | D:5      | Found a sacrificial altar of Ru.
  3756 | D:5      | Noticed an ice beast
  3813 | D:5      | Noticed a water moccasin
  3817 | D:5      | HP: 1/32 [water moccasin (8)]
  3820 | D:4      | Slain by a water moccasin

Illustrated notes

Levels and vault maps discovered:
D:1:      scummos_arrival_hexagon, layout_rooms,
          shapermc_ecumenical_altar_mp_urbaneastern
D:2:      layout_basic, chequers_serial_rivers_marsh, st_stairs_4,
          kennysheep_decorative_pillar, kennysheep_cross_bottleneck,
          uniq_terence
D:3:      layout_loops_ring, mainiacjoe_overflow_chevrons, serial_shops, shop,
          lightli_sewer_entry_pipes
D:4:      layout_rooms, amcnicky_altar_gilded, temple_statues,
          grunt_decor_junction
D:5:      layout_basic, nicolae_ru_path_of_blood, general_overflow_altar,
          serial_shops, nicolae_square_shop, nicolae_shop_tiny_statue_garden

Skill      XL: |  1  2  3  4  5  6 |
---------------+-------------------+-----
Conjurations   | 2 3 4 |  4.5
Spellcasting   | 4 5 6 |  6.2
Air Magic      | 4 5 |  5.1
Dodging        | |  2.6
Stealth        | |  2.6

Action                     |  1- 3 |  4- 6 || total
---------------------------+-------+-------++-------
  Melee: Short sword       |     2 |    11 ||    13
         Dagger            |       |     4 ||     4
   Cast: Shock             |    91 |    89 ||   180
         Static Discharge  |     1 |    20 ||    21
  Evoke: Wand              |       |     2 ||     2
    Use: Scroll            |     1 |     6 ||     7
   Stab: Sleeping          |       |     2 ||     2
 Armour: Robe              |     9 |     4 ||    13
  Dodge: Dodged            |    16 |    24 ||    40

Table legend: (Time is in decaauts)
 A = Elapsed time spent in this place.
 B = Non-inter-level travel time spent in this place.
 C = Inter-level travel time spent in this place.
 D = Time resting spent in this place.
 E = Time spent auto-exploring this place.
 F = Levels seen in this place.
 G = Mean time per level.
                   A        B        C        D        E       F      G
               +--------+--------+--------+--------+--------+-----+--------+
         Total |   3886 |   3731 |    155 |    338 |   2393 |   6 |  647.7 |
       Dungeon |   3733 |   3578 |    155 |    338 |   2357 |   5 |  746.6 |
         Sewer |    152 |    152 |      0 |      0 |     36 |   1 |  152.0 |
               +--------+--------+--------+--------+--------+-----+--------+

Top non-repeatable levels by time:
     D:2: 1031 daAuts
     D:3: 990 daAuts
     D:1: 753 daAuts
     D:4: 734 daAuts
     D:5: 223 daAuts
   Sewer: 152 daAuts
